 Dungeon Crawl Stone Soup version 0.18.1-48-g4cf74bf (webtiles) character file.

637 LonesomeOreo the Grave Robber (level 7, 0/32 HPs)
             Began as a Vine Stalker Necromancer on Aug 3, 2016.
             Slain by an orc warrior
             ... wielding a +0 glaive
              (11 damage)
             ... on level 4 of the Dungeon.
             The game lasted 00:28:17 (3363 turns).

LonesomeOreo the Grave Robber (VSNe)                Turns: 3363, Time: 00:28:18

Health: 0/32       AC:  4    Str: 10    XL:     7   Next: 50%
Magic:  0/16       EV: 13    Int: 17    God:
Gold:   91         SH:  0    Dex: 15    Spells: 5 memorised, 3 levels left

rFire  . . .     SeeInvis .     n - +1 dagger (venom)
rCold  + . .     Gourm    .     a - +0 robe
rNeg   . . .     Faith    .     (no shield)
rPois  .         Spirit   +     (no helmet)
rElec  .         Dismiss  .     l - +0 cloak
rCorr  .         Reflect  .     m - +0 pair of gloves
SustAt .         Harm     .     (no boots)
MR     .....                    r - amulet of guardian spirit
Stlth  ++........               (no ring)
                                (no ring)

@: not resistant to hostile enchantments, unstealthy
A: fangs 2, cold resistance 1, mutation resistance 1, regeneration 2, wild magic
1, magic shield, antimagic bite, no device heal 3, rot immunity
a: no special abilities


You were on level 4 of the Dungeon.
You were not hungry.

You visited 1 branch of the dungeon, and saw 4 of its levels.

You collected 91 gold pieces.

Inventory:

Hand Weapons
 j - a +1 dagger of draining
 n - a +1 dagger of venom (weapon)
Armour
 a - a +0 robe (worn)
 d - a +0 robe
 e - a +0 cloak
 k - a mottled dragon hide
 l - a +0 cloak (worn)
 m - a +0 pair of gloves (worn)
 u - a +0 cloak
Jewellery
 r - an amulet of guardian spirit (around neck)
Wands
 s - a wand of teleportation (3/9)
Scrolls
 f - a scroll of remove curse
Potions
 g - a potion of mutation
 p - 5 potions of curing
 q - a potion of lignification {unknown}
 t - a potion of degeneration {unknown}
Books
 b - a book of Necromancy

   Spells                             Type                      Level
   a - Pain                           Necromancy                   1
   b - Animate Skeleton               Necromancy                   1
   c - Vampiric Draining              Necromancy                   3
   d - Regeneration                   Charms/Necromancy            3
   e - Animate Dead                   Necromancy                   4
   f - Control Undead                 Necromancy                   4
Comestibles
 h - a meat ration
 i - 3 slices of pizza
 o - 5 fruits


   Skills:
 + Level 0.8 Fighting
 + Level 3.2 Dodging
 + Level 3.1 Stealth
 - Level 0.2 Unarmed Combat
 + Level 5.3 Spellcasting
 + Level 6.1 Necromancy


You had 3 spell levels left.
You knew the following spells:

 Your Spells              Type           Power        Failure   Level  Hunger
a - Pain                  Necr           ####         2%          1    None
b - Animate Skeleton      Necr           N/A          2%          1    None
c - Vampiric Draining     Necr           ####......   8%          3    ##.....
d - Animate Dead          Necr           N/A          21%         4    ####...
e - Control Undead        Necr           ####......   21%         4    ####...


Dungeon Overview and Level Annotations

Branches:
Dungeon (4/15)
 Temple: D:4-7

Altars:
Zin
The Shining One


Innate Abilities, Weirdness & Mutations

You have extremely sharp teeth.
You heal very quickly.
When hurt, damage is shared between your health and your magic reserves.
Your bite disrupts and absorbs the magic of your enemies.
Potions and wands cannot restore your health.
You are immune to rotting.
Your flesh is cold resistant.
You are somewhat resistant to further mutation.
Your spells are a little harder to cast, but a little more powerful.


Message History

The orc wizard hits you but does no damage.
Casting: Animate Dead
Confirm with . or Enter, or press ? or * to list all spells.
Aiming: Vampiric Draining
Press: ? - help, Shift-Dir - straight line, f - orc wizard
Aim: an orc wizard, wielding a dagger and wearing a robe (fast)
The orc wizard is almost dead.
You feel life coursing into your body. The orc wizard misses you.
The orc warrior hits you from afar with a glaive!
The orc wizard mumbles some strange words.
The orc wizard flickers and vanishes!
You closely miss something. Something hits you but does no damage.
The orc warrior misses you.
You hit something but do no damage.
Reactivating autopickup.
You feel a bit more experienced.
The orc warrior hits you from afar with a glaive!
* * * LOW HITPOINT WARNING * * *
The orc warrior hits you from afar with a glaive!
You die...

##.## #.##.##.#### #...#
#.##.##.# #...# #.......#
## #...########.######.
#####...#...............
###...........###...#.#.#.
...............##....###..
###.............<...## ##.
#####..@#.####.....###..
#...#...........#...
#.o.######...(.#.### #.
#..o# ##......# #.####
##.## ####.### ..... #o#
#.##### #.#.#####o####
#...... #...........#
####### ##.(#......o##


You could see an orc warrior and 3 orcs.

Vanquished Creatures
  Sigmund (D:3)
  An ogre (D:4)
  A phantom (D:4)
  A hound (D:4)
  2 orc priests
  An orc wizard (D:4)
  Jessica (D:3)
  Terence (D:2)
  3 adders
  An ooze (D:2)
  4 worms
  4 dart slugs
  4 giant geckos
  6 orcs
  6 giant cockroaches
  6 goblins
  4 hobgoblins
  9 jackals
  6 kobolds
  A quokka (D:2)
  3 bats
  4 giant newts
  7 rats
77 creatures vanquished.

Vanquished Creatures (collateral kills)
  A centaur (D:4)
  A dart slug (D:3)
  A goblin (D:1)
  A hobgoblin (D:1)
  A kobold (D:2)
  A rat (D:2)
6 creatures vanquished.

Grand Total: 83 creatures vanquished

Notes
Turn   | Place    | Note
--------------------------------------------------------------
     0 | D:1      | LonesomeOreo the Vine Stalker Necromancer began the quest for the Orb.
     0 | D:1      | Reached XP level 1. HP: 9/9 MP: 4/4
    32 | D:1      | Learned a level 1 spell: Animate Skeleton
    79 | D:1      | Reached XP level 2. HP: 8/13 MP: 6/6
   372 | D:1      | Reached XP level 3. HP: 13/16 MP: 1/7
   736 | D:1      | Learned a level 3 spell: Vampiric Draining
  1154 | D:2      | Reached XP level 4. HP: 17/21 MP: 9/9
  1215 | D:2      | Found a glowing golden altar of the Shining One.
  1540 | D:2      | Noticed Terence
  1550 | D:2      | Killed Terence
  1988 | D:3      | Noticed Sigmund
  2186 | D:3      | Killed Sigmund
  2186 | D:3      | Reached skill level 5 in Necromancy
  2186 | D:3      | Reached XP level 5. HP: 14/25 MP: 10/12
  2186 | D:3      | Gained mutation: You heal very quickly. [Vine Stalker growth]
  2186 | D:3      | Reached XP level 6. HP: 16/29 MP: 10/13
  2212 | D:3      | Noticed Jessica
  2219 | D:3      | Killed Jessica
  2232 | D:3      | Learned a level 4 spell: Animate Dead
  2237 | D:3      | Learned a level 4 spell: Control Undead
  2896 | D:4      | Reached skill level 5 in Spellcasting
  2896 | D:4      | Reached XP level 7. HP: 24/32 MP: 1/15
  3162 | D:4      | Reached skill level 6 in Necromancy
  3266 | D:4      | Found a glowing silver altar of Zin.
  3315 | D:4      | Gained mutation: Your spells are a little harder to cast, but a little more powerful. [potion of mutation]
  3315 | D:4      | Gained mutation: You are somewhat resistant to further mutation. [potion of mutation]
  3315 | D:4      | Gained mutation: Your flesh is cold resistant. [potion of mutation]
  3321 | D:4      | HP: 1/32 [orc priest/divine providence (7)]
  3363 | D:4      | Slain by an orc warrior

Skill      XL: |  1  2  3  4  5  6  7 |
---------------+----------------------+-----
Spellcasting   | 3 4 5 |  5.3
Dodging        | 2 3 |  3.2
Necromancy     | 5 6 |  6.1
Stealth        | 3 |  3.1
Fighting       | |  0.8
Unarmed Combat | |  0.2

Action                   |  1- 3 |  4- 6 |  7- 9 || total
-------------------------+-------+-------+-------++-------
Melee: Unarmed           |    20 |       |       ||    20
       Bite              |    13 |    17 |    18 ||    48
       Dagger            |    33 |    63 |    53 ||   149
 Cast: Pain              |    44 |    34 |     5 ||    83
       Animate Skeleton  |    12 |    14 |       ||    26
       Vampiric Draining |     2 |     7 |     1 ||    10
       Animate Dead      |       |     3 |     4 ||     7
       Control Undead    |       |     1 |       ||     1
  Use: Scroll            |     4 |     4 |       ||     8
       Potion            |       |     2 |     1 ||     3
 Stab: Distracted        |     1 |       |       ||     1
       Sleeping          |     1 |     2 |     1 ||     4
  Eat: Bread ration      |     1 |     1 |     1 ||     3
       Chunk             |       |     1 |       ||     1
Armor: Robe              |    11 |    16 |     7 ||    34
Dodge: Dodged            |    58 |    56 |    33 ||   147
